 Dungeon Crawl Stone Soup version 0.25.1-8-g42b30a86e7 (webtiles) character file.

Game seed: 5856272360147157379

82 Destapler the Magician (level 4, -2/36 HPs)
             Began as a Deep Dwarf Wanderer on Dec 11, 2020.
             Was an Initiate of Ru.
             Slain by Grinder (5 damage)
             ... on level 3 of the Dungeon.
             The game lasted 00:16:55 (2222 turns).

Destapler the Magician (Deep Dwarf Wanderer)        Turns: 2222, Time: 00:16:55

Health: -2/36      AC:  3    Str: 17    XL:     4   Next: 21%
Magic:  4/10       EV: 15    Int: 15    God:    Ru [......]
Gold:   99         SH:  0    Dex:  9    Spells: 6/11 levels left

rFire    + . .     SeeInvis .   o - +3 dagger
rCold    + . .     Gourm    .   (no shield)
rNeg     . . .     Faith    .   d - +1 robe
rPois    +         Spirit   .   (no helmet)
rElec    +         Reflect  .   (no cloak)
rCorr    +         Harm     .   (no gloves)
MR       +....                  (no boots)
Stlth    ++........             (no amulet)
HPRegen  0.00/turn              j - +4 ring of evasion
MPRegen  0.12/turn              m - ring of protection from magic

@: resistant, very slightly contaminated, non-regenerating
A: damage resistance, heal wounds, sense surroundings 1, no regeneration
a: Heal Wounds, Renounce Religion


You were on level 3 of the Dungeon.
You worshipped Ru.
Ru was noncommittal.
You were not hungry.

You visited 1 branch of the dungeon, and saw 3 of its levels.

You collected 99 gold pieces.

Inventory:

Hand Weapons
 a - a +0 club
 o - a +3 dagger (weapon)
Armour
 d - a +1 robe (worn)
Jewellery
 j - a +4 ring of evasion (left hand)
 m - a ring of protection from magic (right hand)
Scrolls
 e - 2 scrolls of teleportation
 h - 6 scrolls of identify {unknown}
 i - a scroll of remove curse {unknown}
 k - 2 scrolls of fog {unknown}
 l - a scroll of amnesia {unknown}
Comestibles
 f - 5 chunks of flesh
 g - 4 rations


   Skills:
 - Level 2.5 Stealth
 - Level 4.0 Spellcasting
 - Level 3.0 Conjurations
 + Level 3.6 Necromancy


You had 6 spell levels left.
You knew the following spells:

 Your Spells              Type           Power        Failure   Level  Hunger
a - Magic Dart            Conj           ##..         5%          1    None
b - Animate Skeleton      Necr           N/A          4%          1    None
d - Vampiric Draining     Necr           ##........   12%         3    ###....

Your spell library contained the following spells:

 Spells                   Type           Power        Failure   Level  Hunger
 Searing Ray              Conj           ##....       8%          2    ##.....
 Sandblast                Erth           #.....       19%         1    None
 Dazzling Flash           Conj/Hex       #.....       28%         3    ###....
 Stone Arrow              Conj/Erth      #.....       28%         3    ###....
 Fulminant Prism          Conj/Hex       #.........   67%         4    ####...
 Iskenderun's Mystic Bla  Conj/Tloc      #.......     67%         4    ####...


Dungeon Overview and Level Annotations

Branches:
Dungeon (3/15)

Altars:
Qazlal
Ru
Wu Jian
Xom

Annotations:
D:3 Grinder


Innate Abilities, Weirdness & Mutations

You are resistant to damage.
You can heal yourself by infusing magical energy.
You passively map a small area around you.
You do not regenerate.


Message History

Aim: Grinder The magic dart hits Grinder.
Grinder is lightly wounded.
Grinder gestures at you. You resist with some effort.
Casting: Magic Dart (safe; 5% risk of failure)
Confirm with . or Enter, or press ? or * to list all spells.
Aiming: Magic Dart (safe; 5% risk of failure)
Press: ? - help, Shift-Dir - straight line, f/p - Grinder
Aim: Grinder (lightly wounded)
You miscast Magic Dart.
You are very lightly contaminated with residual magic.
Nothing appears to happen.
Grinder hits you!
* * * LOW HITPOINT WARNING * * *
You writhe in agony.
* * * LOW HITPOINT WARNING * * *
It was a potion of resistance.
You feel protected. Grinder hits you!
You die...

##...#######........ *, *
.............## *** ,
.#....#.(.....## ,, , *
.... +.....+..## ** * *
.#### #...5.##..## * , .#
#..... ##..## , , .#
#..... #...######.# , * .#
###### #.5.........
.###############@.######.#
, .................## , ,
*, .#############..##,,, *
, .###...........## , *
...'.รท........##, , ,
.###.........##. , *
....)............ ,,, * ,
#####.##.......## ** * ..<
#..........+


You could see Grinder.

Vanquished Creatures
  Robin (D:2)
  An adder (D:2)
  A worm (D:2)
  A dart slug (D:1)
  A ball python (D:2)
  4 bats
  A giant cockroach (D:1)
  13 goblins
  13 hobgoblins
  A jackal (D:2)
  2 frilled lizards
  4 kobolds
  8 rats
51 creatures vanquished.

Vanquished Creatures (collateral kills)
  A hobgoblin (D:2)
  A jackal (D:2)
  A frilled lizard (D:2)
  A rat (D:2)
4 creatures vanquished.

Vanquished Creatures (others)
  A goblin (D:3)
  A bat (D:3)
  A rat (D:3)
3 creatures vanquished.

Grand Total: 58 creatures vanquished

Notes
Turn   | Place    | Note
-------+----------+-------------------------------------------
     0 | D:1      | Destapler the Deep Dwarf Wanderer began the quest for the
                  | Orb.
     0 | D:1      | Destapler set off with the following items: a +0 club, a +0
                  | robe, a +0 dagger, a ration; and the following spells
                  | available to memorise: Magic Dart, Searing Ray, Animate
                  | Skeleton, Sandblast, Dazzling Flash, Stone Arrow, Vampiric
                  | Draining, Fulminant Prism, Iskenderun's Mystic Blast
     0 | D:1      | Reached XP level 1. HP: 15/15 MP: 5/5
    19 | D:1      | Learned a level 1 spell: Magic Dart
   141 | D:1      | Learned a level 1 spell: Animate Skeleton
   340 | D:1      | Reached XP level 2. HP: 10/22 MP: 1/6
  1048 | D:2      | Found a sacrificial altar of Ru.
  1067 | D:2      | Became a worshipper of Ru the Awakened
  1137 | D:2      | Found a shimmering altar of Xom.
  1148 | D:2      | Found a shimmering altar of Xom.
  1148 | D:2      | Found a shimmering altar of Xom.
  1161 | D:2      | Found a shimmering altar of Xom.
  1182 | D:2      | Reached XP level 3. HP: 13/28 MP: 5/8
  1190 | D:2      | Found a stormy altar of Qazlal.
  1190 | D:2      | Noticed Robin
  1250 | D:2      | Reached skill level 4 in Spellcasting
  1252 | D:2      | Killed Robin
  1390 | D:2      | Reached XP level 4. HP: 11/36 MP: 1/10
  1499 | D:2      | Found an ornate altar of the Wu Jian Council.
  1643 | D:2      | Found a shimmering altar of Xom.
  1778 | D:2      | Learned a level 3 spell: Vampiric Draining
  2195 | D:3      | Noticed Grinder
  2205 | D:3      | HP: 1/36 [Grinder (4)]
  2210 | D:3      | Paralysed by Grinder for 6 turns
  2222 | D:3      | Slain by Grinder

Illustrated notes

Levels and vault maps discovered:
D:1:      dpeg_arrival_castle, layout_rooms
D:2:      layout_loops_ring, hangedman_ru_absence,
          nicolae_overflow_crystal_walls, xom_redecorated, lemuel_crystal_altar,
          serial_rivers, chequers_serial_rivers_micro_b,
          chequers_serial_rivers_marsh, chequers_serial_rivers_large_b,
          chequers_serial_rivers_micro_e, uniq_robin
D:3:      layout_basic, fiery_altar_vehumet, lemuel_doored_altar,
          chequers_ecumenical_altar_grove, minmay_parallelograms, uniq_grinder,
          uniq_jessica

Skill      XL: |  1  2  3 |
---------------+----------+-----
Conjurations   | 3 |  3.0
Necromancy     | 2 3 |  3.6
Spellcasting   | 4 |  4.0
Stealth        | |  2.5

Action                   |  1- 3 |  4- 6 || total
-------------------------+-------+-------++-------
Melee: Club              |    34 |       ||    34
       Dagger            |    32 |    24 ||    56
 Cast: Magic Dart        |    61 |    22 ||    83
       Animate Skeleton  |     3 |     1 ||     4
 Abil: Heal Wounds       |       |     2 ||     2
  Use: Scroll            |     2 |       ||     2
       Potion            |     1 |     2 ||     3
 Stab: Sleeping          |     3 |     3 ||     6
  Eat: Chunk             |     1 |     3 ||     4
Armor: Robe              |    27 |     3 ||    30
Dodge: Dodged            |    86 |    16 ||   102
